 Dungeon Crawl Stone Soup version 0.27.1-1-g398f81649c (webtiles) character file.

Game seed: 5219140930000808009

75 FreshCat the Stinger (level 4, 0/27 HPs)
             Began as an Octopode Venom Mage on Sept 17, 2021.
             Was an Initiate of Hepliaklqana.
             Shot with an arrow by a centaur (12 damage)
             ... on level 3 of the Dungeon.
             The game lasted 00:13:11 (3392 turns).

FreshCat the Stinger (Octopode Venom Mage)          Turns: 3392, Time: 00:13:11

Health: 0/27       AC:  1    Str:  8    XL:     4   Next: 31%
Magic:  7/7        EV: 13    Int: 17    God:    Hepliaklqana [......]
Gold:   107        SH:  0    Dex: 18    Spells: 5/8 levels left

rFire    . . .     SeeInvis .   (no weapon)
rCold    . . .     Faith    .   (no shield)
rNeg     . . .     Spirit   .   (helmet restricted)
rPois    .         Reflect  .   (no amulet)
rElec    .         Harm     .   b - +6 ring of dexterity
rCorr    +         Rampage  .   e - ring of resist corrosion
Will     .....                  (no ring)
Stlth    ++++......             (no ring)
HPRegen  0.09/turn              (no ring)
MPRegen  0.10/turn              (no ring)
                                (no ring)
                                (no ring)

@: no status effects
A: almost no armour, amphibious, 8 rings, camouflage 1, gelatinous body 1,
(nimble swimmer 1), tentacles
a: Renounce Religion


You were on level 3 of the Dungeon.
You worshipped Hepliaklqana.
Hepliaklqana was noncommittal.
You visited 1 branch of the dungeon, and saw 4 of its levels.

You collected 107 gold pieces.

Inventory:

Missiles
 g - 84 arrows
 i - 73 stones
Jewellery
 b - a +6 ring of dexterity (left tentacle)
 e - a ring of resist corrosion (right tentacle)
Potions
 d - a potion of invisibility {unknown}
 h - 2 potions of haste
 j - 2 potions of resistance
 k - a potion of heal wounds {unknown}
 l - a potion of might {unknown}


   Skills:
 + Level 0.3 Fighting
 + Level 2.2 Dodging
 + Level 3.2 Stealth
 + Level 0.1 Unarmed Combat
 + Level 2.5 Spellcasting
 + Level 1.5 Transmutations
 + Level 4.8 Poison Magic


You had 5 spell levels left.
You knew the following spells:

 Your Spells              Type           Power      Damage    Failure   Level
a - Sting                 Tmut/Pois      52%        1d5       4%          1
b - Poisonous Vapours     Pois/Air       20%        N/A       11%         2

Your spell library contained the following spells:

 Spells                   Type           Power      Damage    Failure   Level
 Olgreb's Toxic Radiance  Pois           18%        N/A       26%         4
 Mephitic Cloud           Conj/Pois/Air  7%         N/A       28%         3
 Stone Arrow              Conj/Erth      4%         3d7       50%         3
 Lehudib's Crystal Spear  Conj/Erth      1%         10d2      100%        8
 Animate Armour           Summ/Erth      Unusable   N/A       N/A         4

Dungeon Overview and Level Annotations

Branches:
Dungeon (4/15)
 Temple: D:4-7

Altars:
Cheibriados
Hepliaklqana

Annotations:
D:2 exclusion: downstairs


Innate Abilities, Weirdness & Mutations

You cannot wear most types of armour.
You are amphibious.
You can wear up to eight rings at the same time.
Your skin changes colour to match your surroundings (Stealth+).
Your rubbery body absorbs attacks. (AC +1, EV +1)
((You are camouflaged near water. (Stealth+)))
You have tentacles for arms and can constrict up to eight enemies at once.


Message History

The sting hits the worm.
The worm looks as sick as possible!
The worm is heavily wounded.
You kill the worm!
Magic restored.
You see here a worm corpse.
A frilled lizard comes into view.
Casting: Sting (safe; 4% risk of failure)
Confirm with . or Enter, or press ? or * to list all spells.
Aiming: Poisonous Vapours (safe; 11% risk of failure)
Press: ? - help, Dir - move target, f - frilled lizard
Aim: a frilled lizard (asleep) Poisonous vapours surround the frilled lizard!
The frilled lizard is poisoned.
You tentacle-slap the frilled lizard but do no damage.
Your grab misses the frilled lizard.
The frilled lizard is heavily wounded.
The frilled lizard looks more healthy.
The frilled lizard closely misses you.
You tentacle-slap the frilled lizard but do no damage.
Your grab misses the frilled lizard. Your squeeze misses the frilled lizard.
The frilled lizard is heavily wounded.
The frilled lizard closely misses you.
You miss the frilled lizard. Your grab misses the frilled lizard.
The frilled lizard is heavily wounded.
The frilled lizard closely misses you.
You closely miss the frilled lizard. You grab the frilled lizard.
The frilled lizard is heavily wounded.
You constrict the frilled lizard.
You kill the frilled lizard!
Found a scroll labelled XENUSI MAIGA.
A centaur comes into view.
The centaur wields a +0 shortbow.
The centaur shoots an arrow.
The arrow hits you!
Ouch! That really hurt!
The centaur shoots an arrow.
The arrow hits you!
* * * LOW HITPOINT WARNING * * *
Attack: -) Tentacles
Press: ? - help, Dir - move target, f - you
Okay, then.
You feel better.
The centaur shoots an arrow.
The arrow hits you!
You die...

##########
#........#
##†#####.#
#.# #.#
#.# #.#
#.# #.#
#@# #.#
#.# #.#
#.# #.#
#.# #.#
... #.#
#.# #.#
?.. #.#
#.c #.#
#.#


You could see a centaur.

Vanquished Creatures
  An adder (D:3)
  A worm (D:3)
  A dart slug (D:1)
  An orc (D:3)
  3 endoplasms (D:2)
  5 giant cockroaches
  3 goblins
  6 hobgoblins
  3 quokkas
  7 ball pythons
  7 bats
  4 frilled lizards
  7 kobolds
  8 rats
57 creatures vanquished.

Notes
Turn   | Place    | Note
-------+----------+-------------------------------------------
     0 | D:1      | FreshCat the Octopode Venom Mage began the quest for the
                  | Orb.
     0 | D:1      | Reached XP level 1. HP: 11/11 MP: 3/3
   335 | D:1      | Reached skill level 4 in Poison Magic
   335 | D:1      | Reached XP level 2. HP: 17/17 MP: 1/5
   880 | D:1      | Learned a level 2 spell: Poisonous Vapours
   889 | D:1      | Reached XP level 3. HP: 15/21 MP: 2/6
  2196 | D:3      | Noticed a scorpion
  2861 | D:3      | Found a hazy altar of Hepliaklqana.
  2884 | D:3      | Reached XP level 4. HP: 27/27 MP: 2/7
  2899 | D:3      | Became a worshipper of Hepliaklqana the Forgotten
  3250 | D:3      | Found a snail-covered altar of Cheibriados.
  3391 | D:3      | Noticed a centaur
  3392 | D:3      | Shot with an arrow by a centaur

Illustrated notes

Levels and vault maps discovered:
D:1:      scummos_arrival_gate, layout_basic, nrook_mini_vaults,
          minmay_close_crescents
D:2:      kennysheep_big_flooded_room, layout_loops_corners
D:3:      layout_basic, mainiacjoe_overflow_six_doors_small,
          overflow_temple_1_default
D:4:      minmay_chambers_of_threes, layout_basic, minmay_temple_entry_slanted,
          serial_shops, shop, uniq_grinder, uniq_natasha

Skill      XL: |  1  2 |
---------------+-------+-----
Poison Magic   | 4 |  4.8
Stealth        | 3 |  3.2
Fighting       | |  0.3
Dodging        | |  2.2
Unarmed Combat | |  0.1
Spellcasting   | |  2.5
Transmutations | |  1.5

Action                   |  1- 3 |  4- 6 || total
-------------------------+-------+-------++-------
Melee: Unarmed           |    57 |     9 ||    66
       Constrict         |    23 |     4 ||    27
       Tentacles         |    18 |     4 ||    22
Throw: Stone             |     1 |       ||     1
 Cast: Sting             |    24 |     5 ||    29
       Poisonous Vapours |    14 |     4 ||    18
  Use: Scroll            |     6 |       ||     6
       Potion            |       |     1 ||     1
 Stab: Sleeping          |     7 |     1 ||     8
Armor: Skin              |     4 |       ||     4
Dodge: Dodged            |    39 |     7 ||    46
